 Dungeon Crawl Stone Soup version 0.27-a0-1502-g47ed6a6988 (webtiles) character file.

Game seed: 6824722588513341531

56861 HoaS the Black Belt (level 14, -3/122 HPs)
             Began as a Demigod Gladiator on July 8, 2021.
             Slain by a large slime creature (30 damage)
             ... on level 12 of the Dungeon.
             The game lasted 00:40:35 (20143 turns).

HoaS the Black Belt (Demigod Gladiator)            Turns: 20143, Time: 00:40:36

Health: -3/122     AC: 27    Str: 23    XL:     14   Next: 10%
Magic:  17/17      EV: 19    Int: 10    God:
Gold:   2026       SH:  0    Dex: 23    Spells: 13/13 levels left

rFire    + . .     SeeInvis +     - Unarmed
rCold    . . .     Faith    .   (no shield)
rNeg     . . .     Spirit   .   I - +4 chain mail "Bacun" {rPois SInv}
rPois    +         Reflect  .   b - +2 helmet
rElec    .         Harm     .   C - +2 cloak
rCorr    .         Rampage  .   k - +2 pair of gloves
Will     +....                  B - +0 pair of boots
Stlth    ..........             o - amulet of regeneration
HPRegen  1.30/turn              f - ring of protection from fire
MPRegen  0.15/turn              m - +4 ring of evasion

@: about to teleport, studying Conjurations
A: high mp 1, forlorn
a: no special abilities


You were on level 12 of the Dungeon.
You visited 2 branches of the dungeon, and saw 18 of its levels.
You also visited: Sewer and Gauntlet.

You collected 2026 gold pieces.

Inventory:

Armour
 b - a +2 helmet (worn)
 k - a +2 pair of gloves (worn)
 B - a +0 pair of boots (worn)
 C - a +2 cloak (worn)
 G - a +0 troll leather armour
 I - the +4 chain mail "Bacun" (worn) {rPois SInv}
   (You found it on level 1 of the Lair of Beasts)

   rPois:     It protects you from poison.
   SInv:      It lets you see invisible.
Jewellery
 e - a ring of protection from fire
 f - a ring of protection from fire (left hand)
 m - a +4 ring of evasion (right hand)
 o - an amulet of regeneration (around neck)
 A - a +6 ring of strength
Wands
 h - a wand of polymorph (9)
 q - a wand of flame (51)
 y - a wand of acid (8)
 D - a wand of mindburst (38)
 E - a wand of iceblast (5) (quivered)
 F - a wand of digging (16)
Scrolls
 c - a scroll of fog
 l - 3 scrolls of blinking
 p - 3 scrolls of identify
 r - a scroll of fear {unknown}
 t - a scroll of holy word
 z - 2 scrolls of teleportation
 H - 2 scrolls of magic mapping
Potions
 a - 6 potions of resistance
 d - 3 potions of lignification
 g - 5 potions of flight
 i - 2 potions of ambrosia
 j - 8 potions of curing
 n - a potion of invisibility
 s - 2 potions of heal wounds
 u - 2 potions of might
 v - a potion of mutation
 w - 2 potions of cancellation
 x - a potion of attraction


   Skills:
 + Level 10.3 Fighting
 - Level 1.7 Throwing
 + Level 10.3 Armour
 + Level 10.3 Dodging
 * Level 15.5 Unarmed Combat


You had 13 spell levels left.
You didn't know any spells.
Your spell library contained the following spells:

 Spells                   Type           Power      Damage    Failure   Level
 Animate Skeleton         Necr           0%         N/A       91%         1
 Apportation              Tloc           0%         N/A       91%         1
 Corona                   Hex            0%         N/A       91%         1
 Pain                     Necr           0%         1d4       91%         1
 Shock                    Conj/Air       0%         1d3       91%         1
 Summon Small Mammal      Summ           0%         N/A       91%         1
 Ensorcelled Hibernation  Hex/Ice        0%         N/A       97%         2
 Slow                     Hex            0%         N/A       97%         2
 Call Canine Familiar     Summ           0%         N/A       99%         3
 Confusing Touch          Hex            0%         N/A       99%         3
 Dazzling Flash           Conj/Hex       0%         N/A       99%         3
 Summon Guardian Golem    Hex/Summ       0%         N/A       99%         3
 Swiftness                Air            0%         N/A       99%         3
 Tukima's Dance           Hex            0%         N/A       99%         3
 Vampiric Draining        Necr           0%         2d6       99%         3
 Airstrike                Air            0%         N/A       100%        4
 Animate Armour           Summ/Erth      0%         N/A       100%        4
 Fulminant Prism          Conj/Hex       0%         3d6       100%        4
 Iskenderun's Mystic Bla  Conj/Tloc      0%         2d3       100%        4
 Blade Hands              Tmut           0%         N/A       100%        5
 Lee's Rapid Deconstruct  Erth           0%         3d5*      100%        5
 Yara's Violent Unravell  Hex/Tmut       0%         3d3       100%        5
 Iron Shot                Conj/Erth      0%         9d1       100%        6
 Starburst                Conj/Fire      0%         8x6d3     100%        6


Dungeon Overview and Level Annotations

Branches:
Dungeon (12/15)            Temple (0/1) D:5            Lair (6/6) D:11
  Swamp (0/4) Lair:4       Spider (0/4) Lair:3        Slime (0/5) Lair:6
    Orc (0/2) D:10          Sewer (visited)         Gauntlet (visited)

Shops:
D:3 ?   D:5 [   D:8 (

Annotations:
D:12 Fannar


Innate Abilities, Weirdness & Mutations

Your attributes grow dramatically as you level up.
You have an increased reservoir of magic. (+10% MP)
You shall have no god before yourself.


Message History

Fannar closely misses you.
The large slime creature completely misses you.
The slime creature hits you.
You hit Fannar. Your punch misses Fannar.
Fannar is heavily wounded.
The large slime creature closely misses you.
The ice beast hits you but does no damage.
The slime creature hits you but does no damage.
You pummel Fannar!!
Fannar is severely wounded.
Fannar closely misses you.
The large slime creature barely misses you.
The slime creature hits you!
The large slime creature hits you but does no damage.
The ice beast hits you but does no damage.
The slime creature hits you!
You pummel Fannar!!
Fannar is almost dead.
Fannar completely misses you. The large slime creature hits you!!
The slime creature hits you!
You hit Fannar.
Fannar is almost dead.
The large slime creature hits you! The ice beast hits you.
The ice beast freezes you!
* * * LOW HITPOINT WARNING * * *
The slime creature closely misses you.
As you read the scroll of teleportation, it crumbles to dust.
You feel strangely unstable.
The large slime creature completely misses you.
The slime creature hits you!
* * * LOW HITPOINT WARNING * * *
The slime creature misses you.
The large slime creature closely misses you.
The ice beast barely misses you.
You feel much better. The large slime creature hits you!!
* * * LOW HITPOINT WARNING * * *
The slime creature hits you.
* * * LOW HITPOINT WARNING * * *
The ice beast closely misses you. The large slime creature hits you!!
You die...

########.##.###.#
#(..(.....#.# #.#
#.####......# #..
#####.# ##...#.#####
#...#.######......#
#...............#.###
#...#.######.####.#..
####.##Y# ##.####.#.#
#...eY@J#####.......#.#
#....JJJ.........####.#
#.......###.......###.#
#..#....##.........##.#
...
......+............. ##
......##.........##.#
.......###.......###.#
###.##.## ##......# #.#
##...#.# #..


You could see Fannar, 2 large slime creatures, 2 slime creatures and 2 ice
beasts.

Vanquished Creatures
  Josephine (Lair:5)
  4 hydras
  3 boulder beetles
  4 two-headed ogres
  5 skeletal warriors (D:12)
  3 bog bodies (Lair:4)
  An ugly thing (D:11)
  An oklob plant (D:11)
  2 wolf spiders (Lair:6)
  A manticore (D:12)
  13 elephants
  Joseph (D:8)
  11 black mambas
  A gargoyle (D:7)
  19 cane toads
  A torpor snail (Lair:5)
  Maggie (D:10)
  3 rime drakes
  A guardian serpent (Lair:6)
  2 kobold demonologists (D:12)
  2 unseen horrors
  3 komodo dragons
  A polar bear (Lair:1)
  A queen bee (Lair:5)
  3 meliai (Lair:5)
  4 trolls
  3 hornets
  Grinder (D:4)
  14 blink frogs
  10 dream sheep
  Prince Ribbit (D:8)
  A shadow (D:11)
  2 vampires
  5 wraiths
  2 redbacks (Lair:6)
  8 wyverns
  31 yaks
  4 vampire mosquitoes (D:11)
  A steam dragon (D:6)
  A swamp worm (Lair:4)
  An acid dragon (D:11)
  20 water moccasins
  2 sky beasts (D:6)
  A hornet zombie (D:8)
  7 orc warriors
  A black bear (D:6)
  11 wolves
  A necrophage (D:5)
  8 centaurs
  17 bullfrogs
  7 kobold brigands
  A wyvern zombie (D:9)
  7 scorpions
  33 killer bees
  The ghost of sagitran the Skirmisher, a weakling DsCK of Xom (D:4)
  9 wights
  An electric eel (Lair:4)
  6 howler monkeys
  3 centaur zombies
  7 orc priests
  A bullfrog zombie (D:6)
  A gnoll shaman (D:8)
  A bullfrog skeleton (D:5)
  2 centaur skeletons (D:6)
  Crazy Yiuf (D:6)
  Natasha (twice) (D:3)
  A scorpion zombie (D:5)
  2 iguanas (D:6)
  10 orc wizards
  3 hell rats
  A hound zombie (D:5)
  A hound skeleton (D:5)
  2 howler monkey zombies
  8 gnolls (D:8)
  13 adders
  9 river rats
  3 ufetubi
  An adder skeleton (D:4)
  6 worms
  5 dart slugs
  42 orcs
  10 ball pythons
  8 bats
  11 endoplasms
  8 giant cockroaches
  11 goblins
  11 hobgoblins
  10 jackals
  22 kobolds
  5 quokkas
  6 frilled lizards
  11 rats
548 creatures vanquished.

Vanquished Creatures (collateral kills)
  An adder (D:2)
1 creature vanquished.

Vanquished Creatures (others)
  A bush (Lair:5)
  A demonic plant (Gauntlet)
  35 fungi
  54 plants
  2 withered plants (D:4)
93 creatures vanquished.

Grand Total: 642 creatures vanquished

Notes
Turn   | Place    | Note
-------+----------+-------------------------------------------
     0 | D:1      | HoaS the Demigod Gladiator began the quest for the Orb.
     0 | D:1      | Reached XP level 1. HP: 17/17 MP: 3/3
    69 | D:1      | Reached skill level 3 in Unarmed Combat
   346 | D:1      | Reached XP level 2. HP: 20/24 MP: 4/4
   955 | D:1      | Reached XP level 3. HP: 25/29 MP: 3/5
  1092 | D:1      | Reached skill level 4 in Unarmed Combat
  2107 | D:2      | Reached XP level 4. HP: 35/36 MP: 6/6
  2367 | D:2      | Reached skill level 5 in Unarmed Combat
  2684 | D:3      | Identified a scroll of acquirement
  2684 | D:3      | Acquired 910 gold pieces
  2832 | D:3      | Noticed a +0 hand axe
  2832 | D:3      | Noticed a +0 dagger
  3308 | D:3      | Reached XP level 5. HP: 41/41 MP: 7/7
  3352 | D:3      | Found Letan's Magic Scroll Boutique.
  3425 | D:3      | Noticed Natasha
  3490 | D:3      | Killed Natasha
  3726 | D:4      | Noticed Grinder
  3739 | D:3      | Noticed Natasha
  3749 | D:3      | Killed Natasha
  3885 | D:4      | Reached skill level 6 in Unarmed Combat
  3964 | D:4      | Found a runed translucent door.
  3965 | D:4      | Noticed sagitran's ghost (weakling DsCK)
  4051 | D:4      | Killed Grinder
  4052 | D:4      | Reached skill level 7 in Unarmed Combat
  4052 | D:4      | Reached XP level 6. HP: 32/48 MP: 4/8
  5230 | D:4      | Killed sagitran's ghost
  5340 | D:5      | Entered Level 5 of the Dungeon
  5409 | D:5      | Found a staircase to the Ecumenical Temple.
  5418 | D:5      | Reached XP level 7. HP: 52/53 MP: 9/9
  5476 | D:5      | Reached skill level 8 in Unarmed Combat
  6130 | D:5      | Found Yxzoqoof's Antique Armour Boutique.
  6629 | D:6      | Reached skill level 9 in Unarmed Combat
  6662 | D:6      | Noticed a steam dragon
  6671 | D:6      | Killed a steam dragon
  6672 | D:6      | Reached skill level 1 in Armour
  6672 | D:6      | Reached XP level 8. HP: 60/62 MP: 10/10
  7127 | D:6      | Found a glowing drain.
  7149 | Sewer    | Entered a sewer
  7934 | D:6      | Found a runed translucent door.
  7935 | D:6      | Noticed Crazy Yiuf
  7941 | D:6      | Killed Crazy Yiuf
  8250 | D:7      | Reached XP level 9. HP: 69/71 MP: 11/11
  8556 | D:7      | Noticed a gargoyle
  8575 | D:7      | Killed a gargoyle
  8576 | D:7      | Reached skill level 10 in Unarmed Combat
  8755 | D:8      | Noticed a two-headed ogre
  8767 | D:8      | Killed a two-headed ogre
  9006 | D:8      | Reached skill level 5 in Fighting
  9006 | D:8      | Reached skill level 5 in Dodging
  9049 | D:8      | Noticed Prince Ribbit
  9054 | D:8      | Reached skill level 5 in Armour
  9069 | D:8      | Killed Prince Ribbit
  9091 | D:8      | Found Xuareom's Antique Weapon Emporium.
  9251 | D:8      | Noticed Joseph
  9270 | D:8      | Killed Joseph
 10044 | D:8      | Reached XP level 10. HP: 71/81 MP: 13/13
 10063 | D:8      | Reached skill level 11 in Unarmed Combat
 10597 | D:9      | Noticed a two-headed ogre
 10608 | D:9      | Killed a two-headed ogre
 10754 | D:10     | Entered Level 10 of the Dungeon
 11020 | D:10     | Reached XP level 11. HP: 86/91 MP: 14/14
 11034 | D:10     | Noticed a two-headed ogre
 11132 | D:10     | Reached skill level 12 in Unarmed Combat
 11155 | D:10     | Found a staircase to the Orcish Mines.
 11419 | D:10     | Noticed Maggie
 11436 | D:10     | Killed Maggie
 11810 | D:11     | Found a gate leading to a gauntlet.
 11819 | Gauntlet | Entered a Gauntlet
 11819 | Gauntlet | Found a transporter.
 11827 | Gauntlet | Noticed a tengu warrior
 11831 | Gauntlet | Found a transporter.
 11831 | Gauntlet | Found a transporter.
 11832 | Gauntlet | Found a transporter.
 11840 | Gauntlet | Found the +3 hat of Pondering {ponderous, Will+ MP+10
                  | Int+5}
 11843 | Gauntlet | Found a transporter.
 11844 | Gauntlet | Found a transporter.
 11852 | Gauntlet | Found a runed translucent door.
 11856 | Gauntlet | Found a transporter.
 11857 | Gauntlet | Found a transporter.
 11859 | Gauntlet | Noticed a wretched star
 11865 | Gauntlet | Found a transporter.
 11865 | Gauntlet | Found a transporter.
 11868 | Gauntlet | Found a transporter.
 11869 | Gauntlet | Found a transporter.
 11885 | Gauntlet | Found a transporter.
 11925 | Gauntlet | Found a transporter.
 12109 | D:11     | Noticed a boulder beetle
 12148 | D:11     | Killed a boulder beetle
 12200 | D:11     | Noticed a two-headed ogre
 12242 | D:11     | Killed a two-headed ogre
 12328 | D:11     | Found a staircase to the Lair.
 12852 | Lair:1   | Entered Level 1 of the Lair of Beasts
 13475 | Lair:1   | Noticed a boulder beetle
 13543 | Lair:1   | Killed a boulder beetle
 13572 | Lair:1   | Identified the +4 chain mail "Bacun" {rPois SInv}
 13870 | Lair:2   | Noticed a six-headed hydra
 14067 | Lair:2   | Killed a six-headed hydra
 14068 | Lair:2   | Reached skill level 13 in Unarmed Combat
 14305 | Lair:2   | Reached XP level 12. HP: 99/101 MP: 15/15
 14393 | Lair:2   | Noticed a boulder beetle
 14420 | Lair:2   | Killed a boulder beetle
 14504 | Lair:2   | Noticed a five-headed hydra
 14528 | Lair:2   | Killed a five-headed hydra
 14896 | Lair:3   | Found a hole to the Spider Nest.
 15457 | Lair:3   | Noticed an eight-headed hydra
 15465 | Lair:3   | Killed an eight-headed hydra
 16619 | Lair:4   | Reached skill level 14 in Unarmed Combat
 16626 | Lair:4   | HP: 5/103 [bog body/bolt of cold (33)]
 16701 | Lair:4   | Found a staircase to the Swamp.
 17249 | Lair:5   | Reached XP level 13. HP: 103/111 MP: 16/16
 17655 | Lair:5   | Identified the +2 robe of Bugga {+Inv rF+ Slay-5}
 18048 | Lair:5   | Noticed Josephine
 18057 | Lair:5   | Killed Josephine
 18100 | Lair:6   | Entered Level 6 of the Lair of Beasts
 18633 | Lair:6   | Reached skill level 15 in Unarmed Combat
 18873 | Lair:6   | Found a staircase to the Slime Pits.
 18983 | Lair:6   | Reached skill level 10 in Fighting
 18983 | Lair:6   | Reached skill level 10 in Armour
 18983 | Lair:6   | Reached skill level 10 in Dodging
 19919 | D:12     | Reached XP level 14. HP: 114/121 MP: 17/17
 20126 | D:12     | Noticed Fannar
 20143 | D:12     | Slain by a large slime creature

Illustrated notes

Levels and vault maps discovered:
D:1:      dpeg_arrival_arbitrary_a, layout_basic, item_on_display_a
D:2:      cheibrodos_old_hovel, layout_basic, minmay_3d_cube
D:3:      layout_rooms, lemuel_coloured_pillars_altar, dancing_weapons_uskayaw,
          lemuel_tele_altar, serial_shops, shop,
          dreamdust_ecumenical_altar_grove, serial_co_window_serial,
          co_window_paths_a, co_window_of_opportunity_a, co_window_corner_a,
          co_window_corner_a, co_window_paths_b, co_window_cross_3,
          co_window_of_opportunity_c, co_window_corner_b, co_window_corner_ca,
          co_window_4corner_b, glass_columns_a, hangedman_decor_push,
          uniq_natasha
D:4:      cheibrodos_greedy_goblins, layout_layer_cave, gammafunk_ghost_grave,
          uniq_grinder
D:5:      layout_loops_corners, nicolae_ru_path_of_blood, okawaru_trees_1,
          minmay_temple_entry_overgrown, serial_shops, nicolae_take_the_stairs,
          serial_bayou_ford_a, lemuel_old_faithful
D:6:      layout_basic, nicolae_overflow_hidden_temple, portal_sewer_entry_b,
          uniq_crazy_yiuf_cottage
D:7:      layout_loops_cross, lightli_temple_of_fire, hangedman_decor_opposing,
          minmay_misc_feat_more_columns, glass_columns_b
D:8:      layout_gridville, general_overflow_altar, led_sif_book,
          kennysheep_little_box, mainiacjoe_overflow_large_starburst,
          serial_shops, nicolae_inconvenience_store, uniq_prince_ribbit1,
          uniq_joseph
D:9:      layout_loops_cross, mainiacjoe_overflow_24_doors,
          mainiacjoe_overflow_paths, gammafunk_temple_overflow_elements
D:10:     layout_cave_pools, david_orc_5, uniq_maggie
D:11:     layout_small_grid, dpeg_oklobed_lair, gauntlet_entry_generic,
          minivault_25
D:12:     layout_loops_corners, grunt_ministairs_7, uniq_fannar
Lair:1:   layout_cave_pods
Lair:2:   layout_cave_pods
Lair:3:   layout_cave_pods, nicolae_spider_entry_non_spiders,
          nicolae_quartered_pool_little, lemuel_fruit_tree
Lair:4:   layout_small_grid, nicolae_swamp_entry_splash_gauntlet,
          kennysheep_rathole
Lair:5:   regret_index_tunnel_blossom, layout_regular_city, uniq_josephine
Lair:6:   hangedman_lair_tendril_chambers, layout_small_grid, slime_altar_1

Skill      XL: |  1  2  3  4  5  6  7  8  9 10 11 12 13 |
---------------+----------------------------------------+-----
Unarmed Combat | 3 4 5 7 9 10 11 13 14 15 | 15.5
Fighting       | 2 4 5 6 7 9 10 | 10.3
Armour         | 1 4 5 6 7 9 10 | 10.3
Dodging        | 3 4 5 6 7 9 10 | 10.3
Throwing       | |  1.7

Action                   |  1- 3 |  4- 6 |  7- 9 | 10-12 | 13-15 || total
-------------------------+-------+-------+-------+-------+-------++-------
Melee: Unarmed           |   172 |   257 |   464 |  1071 |   702 ||  2666
       Punch             |     4 |     4 |    26 |   114 |    81 ||   229
Throw: Throwing net      |     3 |     1 |     4 |     3 |       ||    11
       Dart              |       |       |     7 |     7 |       ||    14
       Javelin           |       |       |     6 |     3 |       ||     9
Evoke: Wand              |       |       |       |    15 |       ||    15
  Use: Scroll            |     1 |    11 |     7 |    13 |     1 ||    33
       Potion            |       |       |     2 |     4 |     3 ||     9
 Stab: Held in net/web   |       |     1 |     2 |     3 |       ||     6
Armor: Leather armour    |     7 |       |       |       |       ||     7
       Ring mail         |    44 |    29 |   101 |    41 |       ||   215
       Scale mail        |       |    27 |       |       |       ||    27
       Chain mail        |       |    34 |    18 |   282 |   339 ||   673
       Plate armour      |       |       |       |   178 |       ||   178
       Acid dragon scale |       |       |       |     7 |       ||     7
Dodge: Dodged            |   107 |   119 |   344 |  1014 |   809 ||  2393

Table legend: (Time is in decaauts)
 A = Elapsed time spent in this place.
 B = Non-inter-level travel time spent in this place.
 C = Inter-level travel time spent in this place.
 D = Time resting spent in this place.
 E = Time spent auto-exploring this place.
 F = Levels seen in this place.
 G = Mean time per level.
                   A        B        C        D        E       F      G
               +--------+--------+--------+--------+--------+-----+--------+
         Total |  19786 |  18904 |    882 |   2092 |  12343 |  20 |  989.3 |
       Dungeon |  12230 |  11728 |    502 |   1542 |   7554 |  12 | 1019.2 |
          Lair |   6574 |   6194 |    380 |    522 |   4200 |   6 | 1095.7 |
         Sewer |    725 |    725 |      0 |     28 |    454 |   1 |  725.0 |
      Gauntlet |    256 |    256 |      0 |      0 |    134 |   1 |  256.0 |
               +--------+--------+--------+--------+--------+-----+--------+

Top non-repeatable levels by time:
     D:4: 1523 daAuts
  Lair:6: 1377 daAuts
     D:2: 1319 daAuts
     D:8: 1304 daAuts
     D:1: 1303 daAuts
  Lair:4: 1232 daAuts
     D:3: 1206 daAuts
  Lair:5: 1168 daAuts
     D:5: 1044 daAuts
  Lair:1: 992 daAuts
     D:6: 961 daAuts
  Lair:3: 905 daAuts
  Lair:2: 897 daAuts
    D:11: 855 daAuts
     D:9: 847 daAuts
